 Dungeon Crawl Stone Soup version 0.27.1-33-g824d729ab1 (webtiles) character file.

Game seed: 3460712743801074827

72 zeram the Ducker (level 4, -2/44 HPs)
             Began as a Troll Fighter on Dec 21, 2021.
             Slain by an adder (4 damage)
             ... on level 3 of the Dungeon.
             The game lasted 00:02:04 (1120 turns).

zeram the Ducker (Troll Fighter)                    Turns: 1120, Time: 00:02:05

Health: -2/44      AC:  4    Str: 24    XL:     4   Next: 7%
Magic:  3/3        EV: 12    Int:  5    God:
Gold:   92         SH:  8    Dex:  9    Spells: 3/3 levels left

rFire    . . .     SeeInvis .   a - +0 flail
rCold    . . .     Faith    .   c - +0 kite shield
rNeg     . . .     Spirit   .   b - +0 robe
rPois    .         Reflect  .   (helmet restricted)
rElec    .         Harm     .   (no cloak)
rCorr    .         Rampage  .   (gloves unavailable)
Will     .....                  (boots unavailable)
Stlth    +.........             n - amulet of the acrobat
HPRegen  1.14/turn              h - +4 ring of evasion
MPRegen  0.08/turn              f - ring of wizardry

@: mighty, lethally poisoned (-2 -> -2), flying
A: large, unfitting armour, claws 3, regeneration 1, shaggy fur 1, tough skin 1
a: no special abilities


You were on level 3 of the Dungeon.
You visited 1 branch of the dungeon, and saw 3 of its levels.

You collected 92 gold pieces.

Inventory:

Hand Weapons
 a - a +0 flail (weapon)
 m - a +4 spear
Armour
 b - a +0 robe (worn)
 c - a +0 kite shield (worn)
Jewellery
 f - a ring of wizardry (right claw)
 h - a +4 ring of evasion (left claw)
 n - an amulet of the acrobat (around neck)
Scrolls
 g - 2 scrolls of identify
 i - a scroll of amnesia {unknown}
 j - a scroll of blinking {unknown}
 k - a scroll of magic mapping {unknown}
Potions
 e - a potion of brilliance


   Skills:
 - Level 2.4 Fighting
 + Level 3.0 Maces & Flails
 + Level 3.4 Dodging
 - Level 2.4 Shields


You had 3 spell levels left.
You didn't know any spells.
Your spell library was empty.

Dungeon Overview and Level Annotations

Branches:
Dungeon (3/15)

Altars:


Innate Abilities, Weirdness & Mutations

You are too large for most types of armour.
You have claws for hands.
Your natural rate of healing is unusually fast.
You are covered in fur. (AC +1)
You have tough skin. (AC +1)


Message History

Something tries to affect you, but you resist.
You bump into the rock wall.
The orc barely misses you. Something hits you.
* * * LOW HITPOINT WARNING * * *
You bump into the rock wall.
The orc hits you but does no damage. Something hits you.
* * * LOW HITPOINT WARNING * * *
Unknown command.
You bump into the rock wall.
The orc hits you but does no damage. Something hits you but does no damage.
Unknown command.
You are too confused!
Okay, then.
You bump into the rock wall.
The orc closely misses you.
You hear some strange, mumbled words.
Something tries to affect you, but you resist.
The adder barely misses you.
You sock the orc!
You kill the orc!
The adder closely misses you. The adder bites you.
You are poisoned.
The adder poisons you! Something hits you.
* * * LOW HITPOINT WARNING * * *
You miss the adder.
You feel very sick. The adder bites you but does no damage.
The adder bites you.
* * * LOW HITPOINT WARNING * * *
You are more poisoned.
The adder poisons you! Something hits you.
* * * LOW HITPOINT WARNING * * *
The adder misses you. The adder bites you but does no damage.
You bump into the rock wall.
You feel less confused.
You feel sick. The adder closely misses you.
Something hits you but does no damage. The adder barely misses you.
The adder bites you but does no damage.
Unknown command.
You barely miss the adder.
You feel sick. The adder closely misses you.
Something hits you but does no damage. You block the adder's attack.
The adder bites you.
You die...

.........# ...
.........# ..
.........#..
.........#.
..........
.........####.#
..............#
.......{S#
.....>.S@#
##########


You could see 2 adders.

Vanquished Creatures
  An orc wizard (D:2)
  2 worms (D:2)
  A dart slug (D:1)
  3 orcs
  2 bats
  An endoplasm (D:1)
  2 giant cockroaches
  4 goblins (D:1)
  4 hobgoblins (D:1)
  2 jackals (D:2)
  A quokka (D:1)
  2 ball pythons
  3 frilled lizards
  5 kobolds
  5 rats
38 creatures vanquished.

Vanquished Creatures (others)
  6 plants (D:3)
6 creatures vanquished.

Grand Total: 44 creatures vanquished

Notes
Turn   | Place    | Note
-------+----------+-------------------------------------------
     0 | D:1      | zeram the Troll Fighter began the quest for the Orb.
     0 | D:1      | Reached XP level 1. HP: 22/22 MP: 0/0
   180 | D:1      | Reached XP level 2. HP: 29/29 MP: 1/1
   635 | D:2      | Reached XP level 3. HP: 33/36 MP: 2/2
   657 | D:2      | Found a faded altar of an unknown god.
  1078 | D:2      | Reached XP level 4. HP: 35/44 MP: 3/3
  1120 | D:3      | HP: 2/44 [poisoned by an adder]
  1120 | D:3      | Slain by an adder

Illustrated notes

Levels and vault maps discovered:
D:1:      dpeg_arrival_boxes_within_box, layout_basic
D:2:      layout_rooms, basic_ecumenical_altar
D:3:      layout_rooms, amcnicky_altar_gilded, portal_sewer_entry_d,
          serial_bayou_pond_c

Skill      XL: |  1  2  3  4 |
---------------+-------------+-----
Maces & Flails | 2 3 |  3.0
Dodging        | 3 |  3.4
Fighting       | |  2.4
Shields        | |  2.4

Action                   |  1- 3 |  4- 6 || total
-------------------------+-------+-------++-------
Melee: Flail             |   120 |    23 ||   143
  Use: Scroll            |     1 |       ||     1
       Potion            |       |     2 ||     2
Armor: Robe              |    40 |    21 ||    61
Dodge: Dodged            |    54 |    25 ||    79
Block: Kite shield       |    54 |    11 ||    65
